 Dungeon Crawl Stone Soup version 0.20-a0-464-g526fb3c (webtiles) character file.

197 Duffy the Shield-Bearer (level 6, -17/47 HPs)
             Began as a Formicid Fighter on Jan 11, 2017.
             Demolished by an ogre
             ... wielding a +0 giant club
              (20 damage)
             ... on level 4 of the Dungeon.
             The game lasted 00:02:14 (2833 turns).

Duffy the Shield-Bearer (Formicid Fighter)          Turns: 2833, Time: 00:02:15

Health: -17/47     AC: 10    Str: 22    XL:     6   Next: 5%
Magic:  6/6        EV:  6    Int:  8    God:
Gold:   142        SH: 10    Dex: 10    Spells: 5/5 levels left

rFire  . . .     SeeInvis +     a - +0 war axe
rCold  . . .     Gourm    .     z - +0 chain mail
rNeg   . . .     Faith    .     c - +0 shield
rPois  .         Spirit   .     (helmet unavailable)
rElec  .         Reflect  .     e - +0 cloak (curse)
rCorr  .         Harm     .     (no gloves)
MR     .....                    (no boots)
Stlth  ..........               (no amulet)
                                (no ring)
                                (no ring)

@: no status effects
A: permanent stasis, dig shafts and tunnels, four strong arms, antennae 3
a: Dig, Shaft Self


You were on level 4 of the Dungeon.
You were hungry.

You visited 1 branch of the dungeon, and saw 4 of its levels.

You collected 142 gold pieces.

Inventory:

Hand Weapons
 a - a +0 war axe (weapon)
Armour
 b - a +0 scale mail
 c - a +0 shield (worn)
 e - a cursed +0 cloak (worn)
 z - a +0 chain mail (worn)
Scrolls
 g - a scroll of fog {unknown}
 h - a scroll of teleportation {unknown}
 n - 2 scrolls of identify {unknown}
 p - 2 scrolls of remove curse {unknown}
 q - a scroll of recharging {unknown}
 t - 2 scrolls of fear {unknown}
 v - a scroll of immolation {unknown}
 y - a scroll of noise {unknown}
Potions
 d - a potion of might
 i - a potion of magic {unknown}
 j - 3 potions of heal wounds {unknown}
 k - a potion of haste {unknown}
 m - a potion of lignification {unknown}
 o - 4 potions of curing {unknown}
 r - a potion of agility {unknown}
 u - a potion of berserk rage {unknown}
 w - 2 potions of flight {unknown}
 x - 2 potions of invisibility {unknown}
Comestibles
 f - 5 bread rations
 l - 3 royal jellies
 s - a meat ration
 A - 2 chunks of flesh


   Skills:
 - Level 3.2 Fighting
 + Level 4.4 Axes
 - Level 3.2 Armour
 + Level 5.7 Shields


You had 5 spell levels left.
You didn't know any spells.

Dungeon Overview and Level Annotations

Branches:
Dungeon (4/15)
 Temple: D:4-7

Altars:
Elyvilon
Yredelemnul


Innate Abilities, Weirdness & Mutations

You cannot be hasted, slowed, berserked, paralysed or teleported.
You can dig through walls and to a lower floor.
Your four strong arms can wield two-handed weapons with a shield.
You have a pair of large antennae on your head. (SInv)


Message History

You are too injured to fight recklessly!
You are too injured to fight recklessly!
You are too injured to fight recklessly!
You are too injured to fight recklessly!
You are too injured to fight recklessly!
You are too injured to fight recklessly!
You are too injured to fight recklessly!
You are too injured to fight recklessly!
You are too injured to fight recklessly!
You are too injured to fight recklessly!
You are too injured to fight recklessly!
You are too injured to fight recklessly!
You are too injured to fight recklessly!
You slash the ogre!
The ogre is heavily wounded.
The ogre hits you with a giant club!!
You slash the ogre!
The ogre is almost dead.
The ogre hits you with a giant club!!
You die...

........# #......
#......# .......
#......###.......
#...?....$.......
#....<...#.......
#......#.#.......
#......#.........
.........##O#)....
###......##@# ....
####..###.# ###
##.. ... ####.##o
#. .# ## . #. .#


You could see an ogre and an orc (wandering).

Vanquished Creatures
  A howler monkey (D:3)
  An iguana (D:3)
  5 adders
  An ooze (D:1)
  An adder skeleton (D:4)
  2 worms
  3 dart slugs
  A leopard gecko (D:4)
  An orc (D:3)
  3 giant cockroaches
  7 goblins
  8 hobgoblins
  4 jackals (D:3)
  10 kobolds
  A quokka (D:2)
  9 bats
  3 frilled lizards
  6 rats
67 creatures vanquished.

Notes
Turn   | Place    | Note
-------+----------+-------------------------------------------
     0 | D:1      | Duffy the Formicid Fighter began the quest for the Orb.
     0 | D:1      | Reached XP level 1. HP: 18/18 MP: 1/1
    87 | D:1      | Reached XP level 2. HP: 24/24 MP: 2/2
   169 | D:1      | Reached skill level 4 in Shields
   228 | D:1      | Reached XP level 3. HP: 29/29 MP: 3/3
  1089 | D:2      | Reached XP level 4. HP: 35/35 MP: 4/4
  1529 | D:2      | Reached skill level 5 in Shields
  1980 | D:3      | Reached XP level 5. HP: 41/41 MP: 5/5
  2549 | D:3      | Found a white marble altar of Elyvilon.
  2631 | D:3      | Found a basalt altar of Yredelemnul.
  2658 | D:3      | Reached XP level 6. HP: 47/47 MP: 6/6
  2809 | D:4      | Noticed an ogre
  2833 | D:4      | Demolished by an ogre

Vault maps used:
D:1:      lightli_arrival_noodles, minmay_misc_feat_more_columns
D:2:      serial_glass, glass_columns_a, glass_columns_a
D:3:      lemuel_upstairs_altar, kennysheep_ying_yang, first_bread
D:4:      black_bear_nest_1, old_standard_altar, uniq_grinder, uniq_natasha

Skill      XL: |  1  2  3  4  5 |
---------------+----------------+-----
Shields        | 4 5 |  5.7
Axes           | 3 4 |  4.4
Fighting       | |  3.2
Armour         | |  3.2

Action                   |  1- 3 |  4- 6 || total
-------------------------+-------+-------++-------
Melee: War axe           |    86 |   148 ||   234
 Abil: Dig               |       |     1 ||     1
  Eat: Chunk             |     1 |     5 ||     6
Armor: Scale mail        |    45 |    52 ||    97
       Chain mail        |       |    22 ||    22
Dodge: Dodged            |    30 |    38 ||    68
Block: Shield            |    57 |    71 ||   128
